 Dungeon Crawl Stone Soup version 0.27-a0-604-g29a88b33a7 (webtiles) character file.

Game seed: 15402489738195337858

3 jasper the Ducker (level 1, 0/11 HPs)
             Began as a Spriggan Fighter on Mar 12, 2021.
             Slain by a bat (1 damage)
             ... on level 1 of the Dungeon.
             The game lasted 00:00:31 (109 turns).

jasper the Ducker (Spriggan Fighter)                 Turns: 109, Time: 00:00:32

Health: 0/11       AC:  2    Str: 12    XL:     1   Next: 41%
Magic:  2/2        EV: 17    Int:  9    God:
Gold:   0          SH:  6    Dex: 14    Spells: 0/0 levels left

rFire    . . .     SeeInvis +   a - +0 flail
rCold    . . .     Faith    .   c - +0 buckler
rNeg     . . .     Spirit   .   b - +0 robe
rPois    .         Reflect  .   (helmet restricted)
rElec    .         Harm     .   (no cloak)
rCorr    .         Rampage  .   (gloves unavailable)
Will     .....                  (boots unavailable)
Stlth    +.........             (no amulet)
HPRegen  0.03/turn              (no ring)
MPRegen  0.08/turn              (no ring)

@: very quick
A: very small, unfitting armour, see invisible, speed 3
a: no special abilities


You were on level 1 of the Dungeon.
You visited 1 branch of the dungeon, and saw 1 of its levels.

Inventory:

Hand Weapons
 a - a +0 flail (weapon)
Armour
 b - a +0 robe (worn)
 c - a +0 buckler (worn)
Scrolls
 e - a scroll of magic mapping {unknown}
 f - a scroll of identify {unknown}
Potions
 d - a potion of might


   Skills:
 + Level 2.4 Fighting
 * Level 1.5 Maces & Flails
 + Level 4.0 Dodging
 + Level 2.2 Shields


You couldn't memorise any spells.
You didn't know any spells.
Your spell library was empty.

Dungeon Overview and Level Annotations

Branches:
Dungeon (1/15)

Altars:


Innate Abilities, Weirdness & Mutations

You are very small and have problems with some larger weapons.
You are too small for most types of armour.
You have supernaturally acute eyesight. (SInv)
You cover ground extremely quickly. (Speed+++)


Message History

Found a scroll labelled DANOR ACLIU and 13 gold pieces.
The rat misses you. The bat hits you but does no damage.
You block the bat's attack. The bat barely misses you.
A kobold comes into view. It is wielding a +0 short sword.
The kobold shouts!
Found a pair of glowing gloves.
The bat closely misses you.
A rat comes into view.
The bat completely misses you. The bat misses you. The rat closely misses you.
The bat misses you.
You open the door. You block the bat's attack. x2
You block the bat's attack.
There is an open door here.
The bat hits you but does no damage. The bat barely misses you.
The bat closely misses you. As you open the door, it creaks loudly!
A gnoll comes into view. It is wielding a +0 club.
The gnoll shouts!
You block the bat's attack. The bat barely misses you. The bat hits you.
* * * LOW HITPOINT WARNING * * *
Found a stone staircase leading down.
There is an open door here.
You take 1 damage, and have 1/11 hp.
You closely miss the gnoll. The bat hits you but does no damage. x2
The bat closely misses you. x2; The gnoll barely misses you.
You block the gnoll's attack. You block the bat's attack.
You block the bat's attack. The kobold barely misses you.
The bat completely misses you. The bat barely misses you.
The kobold misses you. The bat misses you. The bat hits you but does no damage.
The bat completely misses you. You block the bat's attack. The bat hits you.
You die...

...............#'####
...................>#
..######.##.###..##.#
#r#r.# #..# #
..######.#.## #..#
#.........#.# ##.#
#.######..#.# #..
#.#...##..#b###.#..#
#.#.#.......b@..#..#
#.#.####..#.###.#
####.#.####?.#... #
).........#..#####
####.#K##.#...
#.#.##.##.## #†#....#
.# #......# $#
#......#


You could see 2 bats.

Vanquished Creatures
  A dart slug (D:1)
  A rat (D:1)
2 creatures vanquished.

Notes
Turn   | Place    | Note
-------+----------+-------------------------------------------
     0 | D:1      | jasper the Spriggan Fighter began the quest for the Orb.
     0 | D:1      | Reached XP level 1. HP: 11/11 MP: 2/2
   109 | D:1      | Slain by a bat

Illustrated notes

Levels and vault maps discovered:
D:1:      dpeg_arrival_long_road, layout_basic

Action                   || total
-------------------------++-------
Melee: Flail             ||    19
Armor: Robe              ||     7
Dodge: Dodged            ||    38
Block: Buckler           ||    20

Table legend: (Time is in decaauts)
 A = Elapsed time spent in this place.
 B = Non-inter-level travel time spent in this place.
 C = Inter-level travel time spent in this place.
 D = Time resting spent in this place.
 E = Time spent auto-exploring this place.
 F = Levels seen in this place.
 G = Mean time per level.
                   A        B        C        D        E       F      G
               +--------+--------+--------+--------+--------+-----+--------+
         Total |     82 |     82 |      0 |      0 |     17 |   1 |   82.0 |
       Dungeon |     82 |     82 |      0 |      0 |     17 |   1 |   82.0 |
               +--------+--------+--------+--------+--------+-----+--------+

Top non-repeatable levels by time:
     D:1: 82 daAuts
